Map: [TLMC16] Tropical Sacrifice

Players

Velego

  • Race: Protoss Protoss
  • League: Diamond
  • Spawn Location: 7:00

ForJumy - Winner!

  • Race: Protoss Protoss
  • Spawn Location: 1:00

Event: DreamHack SC2 Masters 2022 Valencia

VOD

Have the link to the VOD?

Description

Time

  • Played on: July 1, 2022, 10:35 a.m.
  • Length: 7:01

All games in this series

Show
View Real Time Build Order
Export as new Build Order

Velego Protoss 

Build Orders: Phoenix Opening, Blink Stalkers 

Get SALT Encoding   

  12  0:00  Probe  
  13  0:12  Probe  
  14  0:17  Pylon  
  14  0:24  Probe  
  15  0:35  Gateway  
  15  0:36  Probe (Chrono Boost)  
  16  0:46  Probe (Chrono Boost)  
  16  0:47  Assimilator  
  17  0:51  Probe (Chrono Boost)  
  18  1:01  Assimilator  
  18  1:03  Probe (Chrono Boost)  
  19  1:08  Gateway  
  19  1:13  Probe (Chrono Boost)  
  20  1:23  Cybernetics Core  
  20  1:25  Probe  
  21  1:33  Pylon  
  21  1:40  Probe  
  22  1:52  Probe  
  23  1:59  Stalker x2  
  27  2:02  Warp Gate  
  27  2:04  Probe  
  28  2:16  Probe  
  29  2:24  Pylon  
  29  2:28  Pylon  
  29  2:30  Probe  
  30  2:43  Nexus  
  30  2:47  Sentry  
  30  2:49  Sentry  
  34  2:53  Probe  
  35  3:04  Twilight Council  
  34  3:05  Probe  
  34  3:12  Pylon  
  35  3:18  Probe (Chrono Boost)  
  36  3:21  Phoenix  
  36  3:24  Shield Battery  
  36  3:29  Probe (Chrono Boost)  
  37  3:34  Probe (Chrono Boost)  
  37  3:35  Shield Battery  
  37  3:36  Forge  
  38  3:44  Blink  
  38  3:48  Probe (Chrono Boost)  
  39  3:58  Probe (Chrono Boost)  
  39  3:59  Probe (Chrono Boost)  
  41  4:06  Probe (Chrono Boost)  
  41  4:07  Probe (Chrono Boost)  
  43  4:11  Stalker x2  
  47  4:21  Shield Battery  
  47  4:25  Shield Battery  
  47  4:26  Probe  
  47  4:28  Protoss Ground Weapons Level 1 (Chrono Boost)  
  47  4:31  Probe  
  49  4:34  Shield Battery  
  49  4:37  Stalker  
  51  4:39  Stalker  
  51  4:41  Probe  
  53  4:45  Probe  
  53  4:55  Probe (Chrono Boost)  
  53  4:59  Probe (Chrono Boost)  
  52  5:07  Probe (Chrono Boost)  
  52  5:15  Probe x2 (Chrono Boost)  
  53  5:22  Probe (Chrono Boost)  
  53  5:27  Probe (Chrono Boost)  
  55  5:31  Probe (Chrono Boost)  
  55  5:33  Nexus  
  55  5:34  Probe (Chrono Boost)  
  57  5:36  Pylon  
  57  5:37  Stalker x2  
  57  5:41  Probe  
  62  5:43  Gateway  
  62  5:45  Gateway  
  62  5:47  Pylon  
  62  5:49  Assimilator  
  61  5:51  Pylon  
  61  6:02  Probe  
  62  6:04  Pylon  
  62  6:06  Pylon  
  62  6:07  Robotics Facility  
  63  6:11  Stalker  
  63  6:12  Stalker  
  63  6:17  Nexus  
  66  6:21  Pylon, Probe  
  65  6:36  Probe  
  65  6:38  Pylon  
  64  6:47  Stalker x4  
Show
View Real Time Build Order
Export as new Build Order

ForJumy Protoss - Winner!

Build Orders: Oracle Opening 

Get SALT Encoding   

  12  0:00  Probe  
  13  0:13  Probe  
  14  0:17  Pylon  
  14  0:25  Probe (Chrono Boost)  
  15  0:35  Gateway  
  15  0:37  Probe (Chrono Boost)  
  16  0:46  Probe (Chrono Boost)  
  16  0:47  Assimilator  
  17  0:52  Probe  
  17  0:55  Assimilator  
  18  1:04  Probe (Chrono Boost)  
  19  1:10  Gateway  
  19  1:14  Probe (Chrono Boost)  
  20  1:19  Probe  
  21  1:26  Cybernetics Core  
  21  1:31  Probe  
  22  1:37  Pylon  
  22  1:43  Probe  
  23  1:56  Probe  
  24  2:03  Stalker x2  
  24  2:05  Warp Gate  
  28  2:09  Probe  
  29  2:21  Probe  
  29  2:22  Pylon  
  30  2:27  Pylon  
  30  2:36  Stargate  
  30  2:38  Probe  
  31  2:51  Adept x2  
  34  3:11  Nexus  
  34  3:17  Pylon  
  34  3:23  Oracle (Chrono Boost)  
  37  3:30  Probe  
  38  3:38  Twilight Council  
  38  3:43  Probe  
  39  3:50  Oracle (Chrono Boost)  
  42  3:57  Stalker  
  42  4:01  Probe  
  45  4:13  Probe  
  46  4:24  Blink (Chrono Boost)  
  46  4:25  Probe x2 (Chrono Boost)  
  48  4:35  Probe x2 (Chrono Boost)  
  50  4:40  Probe x2 (Chrono Boost)  
  50  4:41  Stalker  
  50  4:43  Assimilator  
  54  4:51  Probe, Gateway  
  54  4:52  Probe  
  56  5:03  Probe  
  56  5:04  Probe  
  56  5:05  Stalker x2  
  58  5:16  Probe x2  
  58  5:20  Forge  
  60  5:22  Pylon  
  60  5:28  Probe  
  61  5:39  Nexus  
  61  5:42  Pylon  
  61  5:46  Pylon  
  61  5:48  Stalker x2  
  65  6:02  Stalker  
  65  6:03  Probe  
  68  6:04  Probe  
  68  6:07  Robotics Facility  
  69  6:13  Gateway  
  69  6:15  Probe, Gateway  
  69  6:18  Probe  
  71  6:22  Sentry  
  73  6:28  Probe  
  73  6:30  Probe  
  73  6:32  Stalker x2  
  79  6:40  Pylon, Probe  
  76  6:55  Stalker x3  

Tags
 
Add a new tag
Caveats
  • Supply blocks, unpowered buildings, or Contaminate may cause inaccurate times.
  • Supply counts are checked every 10 seconds.